 Dungeon Crawl Stone Soup version 0.28-a0-655-g4eb62b627b (webtiles) character file.

Game seed: 6593849273864108846

20 jsc133 the Skirmisher (level 2, -4/19 HPs)
             Began as a Gargoyle Berserker on Oct 12, 2021.
             Was a Follower of Trog.
             Slain by a water moccasin (5 damage)
             ... on level 4 of the Dungeon.
             The game lasted 00:03:44 (365 turns).

jsc133 the Skirmisher (Gargoyle Berserker)           Turns: 365, Time: 00:03:44

Health: -4/19      AC:  5    Str: 20    XL:     2   Next: 79%
Magic:  2/2        EV: 12    Int:  7    God:    Trog [*.....]
Gold:   17         SH:  0    Dex:  9    Spells: 1/1 levels left

rFire   . . .      SeeInvis .   a - +0 mace
rCold   . . .      Faith    .   (no shield)
rNeg    + . .      Spirit   .   b - +0 animal skin
rPois   ∞          Reflect  .   (no helmet)
rElec   +          Harm     .   (no cloak)
rCorr   .          Rampage  .   (no gloves)
Will    .....                   (no boots)
Stlth   +.........              (no amulet)
HPRegen 0.06/turn               (no ring)
MPRegen 0.08/turn               (no ring)

@: no status effects
A: sickness immunity, AC +2, negative energy resistance 1, electricity
resistance, torment resistance 1, petrification resistance
a: Renounce Religion, Berserk


You were on level 4 of the Dungeon.
You worshipped Trog.
Trog was aware of your devotion.
You visited 1 branch of the dungeon, and saw 4 of its levels.

You collected 37 gold pieces.
You spent 20 gold pieces at shops.

Inventory:

Hand Weapons
 a - a +0 mace (weapon)
 c - a +0 dagger
 f - a +0 dagger
Missiles
 d - 55 bolts
 e - 3 arrows
 g - 2 stones (quivered)
Armour
 b - a +0 animal skin (worn)
Potions
 i - 2 potions of haste {unknown}


   Skills:
 + Level 3.5 Fighting
 + Level 3.5 Maces & Flails
 + Level 2.4 Armour
 + Level 1.7 Dodging


You had one spell level left.
You didn't know any spells.
Your spell library was empty.

Dungeon Overview and Level Annotations

Branches:
Dungeon (4/15)
 Temple: D:4-7

Altars:
Wu Jian

Shops:
D:3 *


Innate Abilities, Weirdness & Mutations

You are immune to sickness and miasma.
Your stone body is resilient. (AC +2)
You are immune to poison.
You resist negative energy. (rN+)
You are resistant to electric shocks. (rElec)
You are resistant to unholy torment.
You are immune to petrification.


Message History

A closed door.
Your surroundings suddenly seem different.
You open the door.
Found 25 bolts.
There is an open door here.
Found a bubbling coppery potion.
A ball python and a dart slug come into view.
You see here 25 bolts.
d - 55 bolts (gained 25)
A hobgoblin comes into view.
The hobgoblin shouts!
The ball python hisses angrily.
Found a stone staircase leading down.
i - 2 bubbling coppery potions (gained 1)
There are no items here.
Found 4 gold pieces.
The hobgoblin misses you. The dart slug launches a dart at you.
The slug dart misses you.
There is a stone staircase leading down here.
You climb downwards.
There is a stone staircase leading up here.
Found 8 gold pieces.
A water moccasin comes into view.
Found a scroll of teleportation.
The water moccasin hisses angrily.
You hear an angry hiss.
You closely miss the water moccasin. The water moccasin misses you.
A ball python comes into view.
You hit the water moccasin.
The water moccasin is lightly wounded.
The water moccasin bites you. The water moccasin barely misses you.
You hit the water moccasin.
The water moccasin is moderately wounded.
The water moccasin barely misses you. The water moccasin bites you.
* * * LOW HITPOINT WARNING * * *
You completely miss the water moccasin.
The water moccasin is moderately wounded.
The water moccasin misses you.
You sock the water moccasin!
The water moccasin is heavily wounded.
The water moccasin closely misses you. The water moccasin bites you.
You die...

###..##.#
#..##.#
######..##.#
........##.#
#####...##.#
...........#
.####......#
######.###.###.
#.@SS....?
##########


You could see a water moccasin and a ball python.

Vanquished Creatures
  An adder (D:3)
  A dart slug (D:3)
  An orc (D:3)
  A hobgoblin (D:1)
  2 kobolds (D:2)
  A ball python (D:3)
  A frilled lizard (D:2)
  2 rats
10 creatures vanquished.

Notes
Turn   | Place    | Note
-------+----------+-------------------------------------------
     0 | D:1      | jsc133 the Gargoyle Berserker began the quest for the Orb.
     0 | D:1      | Reached XP level 1. HP: 14/14 MP: 1/1
   165 | D:2      | Found an ornate altar of the Wu Jian Council.
   220 | D:3      | Reached XP level 2. HP: 19/19 MP: 2/2
   290 | D:3      | Found Nus Kegh's Assorted Antiques.
   310 | D:3      | Bought a scroll labelled ORCHEZ UPNOMIE for 20 gold pieces
   359 | D:4      | Noticed a water moccasin
   365 | D:4      | Slain by a water moccasin

Illustrated notes

Levels and vault maps discovered:
D:1:      dpeg_arrival_ternary, layout_basic, serial_shops, shop,
          shapermc_ecumenical_altar_venn, minmay_octomino_j4
D:2:      layout_loops_ring, basic_altar, grunt_decor_one_mirror
D:3:      layout_basic, serial_shops, shop, grunt_ministairs_14,
          corexii_corridor_pit, chequers_mini_garden
D:4:      layout_loops_ring, uniq_menkaure

Action                   || total
-------------------------++-------
Melee: Mace              ||    41
  Use: Scroll            ||     2
Armor: Animal skin       ||    17
Dodge: Dodged            ||    34

Table legend: (Time is in decaauts)
 A = Elapsed time spent in this place.
 B = Non-inter-level travel time spent in this place.
 C = Inter-level travel time spent in this place.
 D = Time resting spent in this place.
 E = Time spent auto-exploring this place.
 F = Levels seen in this place.
 G = Mean time per level.
                   A        B        C        D        E       F      G
               +--------+--------+--------+--------+--------+-----+--------+
         Total |    373 |    373 |      0 |      0 |      0 |   4 |   93.2 |
       Dungeon |    373 |    373 |      0 |      0 |      0 |   4 |   93.2 |
               +--------+--------+--------+--------+--------+-----+--------+

Top non-repeatable levels by time:
     D:1: 148 daAuts
     D:3: 130 daAuts
     D:2: 70 daAuts
     D:4: 24 daAuts
